 Dungeon Crawl Stone Soup version 0.31-a0-441-g867994ef1c (webtiles) character file.

Game seed: 2074128396556746338

186 LeprechaunX the Ruffian (level 5, -1/52 HPs)
             Began as an Octopode Shapeshifter on Aug 2, 2023.
             Slain by a goblin
             ... wielding a +0 club
             ... led by Robin
              (5 damage)
             ... on level 4 of the Dungeon.
             The game lasted 00:02:40 (2482 turns).

LeprechaunX the Ruffian (Octopode Shapeshifter)     Turns: 2482, Time: 00:02:41

Health: -1/52      AC: 22    Str: 16    XL:     5   Next: 65%
Magic:  5/5        EV:  2    Int: 10    God:
Gold:   143        SH:  0    Dex: 13    Spells: 4/4 levels left

rFire   . .          .
                       - Unarmed
rCold   . . .        (no shield)
rNeg    . . .        (helmet currently unavailable)
rPois   +            (no amulet)
rElec   .            (no ring)
rCorr   .            (no ring)
SInv    .            (no ring)
Will    .....        (no ring)
Stlth   +            (no ring)
HPRegen 0.28/turn    (no ring)
MPRegen 0.09/turn    (no ring)
                     (no ring)

%: no passive effects
@: confused, tree-form
A: stationary, stasis, torment immunity, boosted hp, almost no armour,
(amphibious), 8 rings, (camouflage 1), (gelatinous body 1), (nimble swimmer 1),
(tentacles)
a: no special abilities


You were on level 4 of the Dungeon.
You were a tree.
You visited 1 branch of the dungeon, and saw 4 of its levels.

You collected 143 gold pieces.

Inventory:

Missiles
 c - 2 curare-tipped darts
 j - 3 silver javelins
 p - 2 darts of dispersal
Armour
 l - a +0 kite shield
Talismans
 b - a beast talisman
Wands
 n - a wand of digging (3)
 o - a wand of charming (6)
Scrolls
 d - a scroll of fear {unknown}
 e - a scroll of vulnerability {unknown}
 f - 2 scrolls of teleportation {unknown}
 g - a scroll of revelation {unknown}
 i - a scroll of blinking {unknown}
 q - a scroll of enchant weapon {unknown}
Potions
 h - a potion of degeneration {unknown}
 k - a potion of might {unknown}
 m - a potion of heal wounds {unknown}


   Skills:
 + Level 2.4 Fighting
 + Level 3.0 Dodging
 * Level 4.5 Unarmed Combat
 + Level 3.5 Shapeshifting


You had 4 spell levels left.
You didn't know any spells.
Your spell library contained the following spells:

 Spells                   Type           Power      Damage    Failure   Level
 Slow                     Hex            0%         N/A       36%         1
 Confusing Touch          Hex            0%         N/A       75%         3
 Vampiric Draining        Necr           0%         2d6       75%         3


Dungeon Overview and Level Annotations

Branches:
Dungeon (4/15)
 Temple: D:4-7

Altars:

Annotations:
D:4 Robin


Innate Abilities, Weirdness & Mutations

You are a tree.
Your roots penetrate the ground, keeping you stationary.
You cannot be teleported.
You are immune to unholy pain and torment.
Your maximum health is greatly increased.
You cannot wear most types of armour.
((You are amphibious.))
You can wear up to eight rings at the same time.
((Your skin changes colour to match your surroundings (Stealth+).))
((Your rubbery body absorbs attacks. (AC +1, EV +1)))
((You are camouflaged when in or above water. (Stealth+)))
((You have tentacles for arms and can constrict up to eight enemies at once.))


Message History

Unknown command.
You closely miss something. Something hits you but does no damage.
The orc hits you but does no damage. The goblin hits you but does no damage.
Unknown command.
You miss something. Something hits you but does no damage.
The orc hits you but does no damage. The goblin hits you but does no damage.
You miss something. You barely miss something.
A goblin comes into view. It is wielding a +0 dagger.
Something hits you but does no damage. The orc hits you but does no damage.
The goblin hits you but does no damage.
The goblin shoots a sling bullet.
The sling bullet hits you but does no damage.
Unknown command.
You closely miss something.
Robin roars a battlecry!
The goblins go into a battle-frenzy!
You hear some strange, mumbled words.
You are confused.
The orc barely misses you.
A goblin comes into view. It is wielding a +0 club.
The goblin hits you but does no damage.
The goblin shoots a sling bullet.
The sling bullet hits you but does no damage.
The goblin shouts!
You miss something.
The goblin shouts!
You hear a shout! x3
Something hits you but does no damage. The orc hits you with a +0 hand axe.
* * * LOW HITPOINT WARNING * * *
The goblin hits you but does no damage.
The goblin shoots a sling bullet.
The sling bullet completely misses you.
You completely miss something.
Robin says, "We wiped out the hill dwarves - you're next!"
A goblin comes into view. It is wielding a +0 dagger.
The goblin hits you but does no damage. Something hits you but does no damage.
The orc hits you but does no damage.
The goblin shoots a sling bullet.
The sling bullet hits you but does no damage.
You attack the rock wall.
Something hits you but does no damage. The orc hits you with a +0 hand axe.
* * * LOW HITPOINT WARNING * * *
The goblin hits you with a +0 club.
You die...

####....# #..#.....
.....?... ####......##
#####[.#........ ###
##..#.......g...# ##.##
##.....ggg........
####...###.....g{oggg...?#.
#.............##♣##......#
..............#####.......#
#..##............#...##..##
##.##................# ....
####..>....##..##...# ...
###.#........#.... ..
#####.##.... ##.#..##.
#....##...


You could see Robin, an orc, 2 hobgoblins and 5 goblins.

Vanquished Creatures
  2 orc wizards (D:3)
  4 adders
  2 worms
  2 dart slugs
  9 orcs
  6 ball pythons
  5 bats
  9 endoplasms
  A giant cockroach (D:3)
  12 goblins
  6 hobgoblins
  3 jackals (D:1)
  A quokka (D:1)
  3 frilled lizards
  6 kobolds
  4 rats
75 creatures vanquished.

Notes
Turn   | Place    | Note
-------+----------+-------------------------------------------
     0 | D:1      | LeprechaunX the Octopode Shapeshifter began the quest for
                  | the Orb.
     0 | D:1      | Reached XP level 1. HP: 13/13 MP: 1/1
    54 | D:1      | Reached XP level 2. HP: 16/18 MP: 2/2
   310 | D:1      | Reached XP level 3. HP: 23/23 MP: 3/3
  1223 | D:2      | Reached XP level 4. HP: 29/29 MP: 4/4
  1308 | D:2      | Found a faded altar of an unknown god.
  1740 | D:3      | Reached skill level 4 in Unarmed Combat
  1945 | D:3      | Reached XP level 5. HP: 27/34 MP: 5/5
  2468 | D:4      | Noticed Robin
  2482 | D:4      | Slain by a goblin

Illustrated notes

Levels and vault maps discovered:
D:1:      spicycebolla_green_bress_n_ham_2, layout_basic
D:2:      layout_loops_ring, shapermc_ecumenical_altar_pompeii, serial_forest,
          infiniplex_forest_clump_double, infiniplex_forest_lined_corner,
          infiniplex_forest_clump_diagonal, infiniplex_forest_clump_long,
          infiniplex_forest_straight_2
D:3:      minmay_diamond_boxcup, layout_basic, solitary_fountain
D:4:      layout_cave_pools, kennysheep_opposing_triangles, uniq_robin

Skill      XL: |  1  2  3  4  5 |
---------------+----------------+-----
Fighting       | 2 |  2.4
Unarmed Combat | 4 |  4.5
Dodging        | 3 |  3.0
Shapeshifting  | |  3.5

Action                     |  1- 3 |  4- 6 || total
---------------------------+-------+-------++-------
  Melee: Unarmed           |    59 |    80 ||   139
         Tentacles         |    18 |    14 ||    32
         Constrict         |    13 |    14 ||    27
         Punch             |     1 |     1 ||     2
    Use: Potion            |       |     1 ||     1
   Stab: Sleeping          |     7 |    15 ||    22
 Armour: Skin              |     1 |    32 ||    33
  Dodge: Dodged            |    22 |    40 ||    62

Table legend: (Time is in decaauts)
 A = Elapsed time spent in this place.
 B = Non-inter-level travel time spent in this place.
 C = Inter-level travel time spent in this place.
 D = Time resting spent in this place.
 E = Time spent auto-exploring this place.
 F = Levels seen in this place.
 G = Mean time per level.
                   A        B        C        D        E       F      G
               +--------+--------+--------+--------+--------+-----+--------+
         Total |   2471 |   2385 |     86 |      0 |   1988 |   4 |  617.8 |
       Dungeon |   2471 |   2385 |     86 |      0 |   1988 |   4 |  617.8 |
               +--------+--------+--------+--------+--------+-----+--------+

Top non-repeatable levels by time:
     D:3: 779 daAuts
     D:2: 778 daAuts
     D:1: 724 daAuts
     D:4: 189 daAuts
